 Dungeon Crawl Stone Soup version 0.30.1-4-g462c640d31 (webtiles) character file.

Game seed: 15574655482378486391

275 Renzlar the Shield-Bearer (level 6, -4/53 HPs)
             Began as a Gnoll Fighter on Sept 14, 2023.
             Slain by an ogre
             ... wielding a +0 giant club
              (15 damage)
             ... on level 4 of the Dungeon.
             The game lasted 00:09:03 (2559 turns).

Renzlar the Shield-Bearer (Gnoll Fighter)           Turns: 2559, Time: 00:09:03

Health: -4/53      AC:  7    Str: 18    XL:     6   Next: 24%
Magic:  9/9        EV: 10    Int:  7    God:
Gold:   121        SH:  5    Dex: 11    Spells: 9/9 levels left

rFire   + . .        a - +0 war axe
rCold   + . .        e - +0 buckler
rNeg    . . .        b - +0 scale mail
rPois   .            (no helmet)
rElec   .            f - scarf {rC+ rF+}
rCorr   .            (no gloves)
SInv    .            (no boots)
Will    .....        (no amulet) Stlth
                     (no ring)
HPRegen 0.28/turn    (no ring)
MPRegen 0.11/turn

%: no passive effects
@: no status effects
A: fangs 1, strong nose, distributed training
a: no special abilities


You were on level 4 of the Dungeon.
You visited 1 branch of the dungeon, and saw 4 of its levels.

You collected 121 gold pieces.

Inventory:

Hand Weapons
 a - a +0 war axe (weapon)
 c - a +0 sling
 i - a +0 dagger of electrocution
Armour
 b - a +0 scale mail (worn)
 e - a +0 buckler (worn)
 f - a scarf of resistance (worn)
Magical Staves
 r - the staff of fire "Puengarph" {rF+ rC+ rCorr Int+3}
   (You acquired it on level 4 of the Dungeon)

   [staff of fire]

   Base accuracy: +5 Base damage: 5 Base attack delay: 1.2 This weapon's minimum
   attack delay (0.6) is reached at skill level 12.
   Int:       It affects your intelligence (+3).
   rF:        It protects you from fire.
   rC:        It protects you from cold.
   rCorr:     It protects you from acid and corrosion.
   It falls into the 'Staves' category.
   It is a one-handed weapon.
Jewellery
 p - a ring of wizardry
Wands
 h - a wand of paralysis (3)
Scrolls
 g - a scroll of teleportation
Potions
 d - a potion of might
 j - a potion of curing
 k - a potion of ambrosia {unknown}
 l - a potion of haste {unknown}
 m - a potion of heal wounds {unknown}
 n - a potion of mutation {unknown}
 o - a potion of resistance
 q - a potion of cancellation


   Skills:
 + Level 6.8 Fighting
 + Level 2.0 Short Blades
 + Level 2.0 Long Blades
 + Level 5.0 Axes
 + Level 2.0 Maces & Flails
 + Level 2.0 Polearms
 + Level 2.0 Staves
 + Level 2.0 Ranged Weapons
 + Level 2.0 Throwing
 + Level 6.8 Armour
 + Level 2.0 Dodging
 + Level 2.0 Stealth
 + Level 6.8 Shields
 + Level 2.0 Unarmed Combat
 + Level 2.0 Spellcasting
 + Level 1.5 Conjurations
 + Level 1.5 Hexes
 + Level 1.5 Summonings
 + Level 1.5 Necromancy
 + Level 1.5 Translocations
 + Level 1.5 Transmutations
 + Level 1.5 Fire Magic
 + Level 1.5 Ice Magic
 + Level 1.5 Air Magic
 + Level 1.5 Earth Magic
 + Level 1.5 Poison Magic
 + Level 2.1 Invocations
 + Level 2.0 Evocations


You had 9 spell levels left.
You didn't know any spells.
Your spell library contained the following spells:

 Spells                   Type           Power      Damage    Failure   Level
 Beastly Appendage        Tmut           4%         N/A       56%         1
 Static Discharge         Conj/Air       4%         2-3/arc   71%         2
 Wereblood                Tmut           2%         N/A       71%         2
 Inner Flame              Hex/Fire       2%         N/A       91%         3
 Ozocubu's Armour         Ice            2%         N/A       91%         3
 Spider Form              Tmut/Pois      2%         N/A       91%         3
 Airstrike                Air            1%         2d(1-17)  100%        4
 Summon Lightning Spire   Summ/Air       2%         N/A       100%        4
 Metabolic Englaciation   Hex/Ice        1%         N/A       100%        5
 Yara's Violent Unravell  Hex/Tmut       1%         3d3       100%        5
 Simulacrum               Ice/Necr       1%         N/A       100%        6
 Enfeeble                 Hex            1%         N/A       100%        7


Dungeon Overview and Level Annotations

Branches:
Dungeon (4/15)
 Temple: D:4-7

Altars:
Xom

Annotations:
D:4 2 transporters, 0gre's ghost, novice GnIE


Innate Abilities, Weirdness & Mutations

You have very sharp teeth.
Your uncanny sense of smell can sniff out nearby items.
Your experience applies equally to all skills.


Message History

The hobgoblin is heavily wounded.
An ogre comes into view. It is wielding a +0 giant club.
You block the hobgoblin's attack. x2
You completely miss the hobgoblin.
The hobgoblin is heavily wounded.
The hobgoblin closely misses you.
You hit the hobgoblin but do no damage.
The hobgoblin is heavily wounded.
The hobgoblin closely misses you.
You barely miss the hobgoblin.
The hobgoblin is heavily wounded.
You block the hobgoblin's attack.
You hit the hobgoblin.
You kill the hobgoblin!
c - a +0 sling (weapon)
You shoot a sling bullet.
The sling bullet completely misses the ogre.
You feel clever.
r - the staff of fire "Puengarph" (weapon)
{rF+ rC+ rCorr Int+3} The ogre hits you with a +0 giant club!!
You barely miss the ogre.
a - a +0 war axe (weapon)
The ogre closely misses you.
You barely miss the ogre. You block the ogre's attack.
You barely miss the ogre. You closely miss the ogre.
The ogre hits you with a +0 giant club.
You barely miss the ogre. The ogre hits you with a +0 giant club!
* * * LOW HITPOINT WARNING * * *
You slash the ogre!
The ogre is moderately wounded.
The ogre hits you with a +0 giant club.
* * * LOW HITPOINT WARNING * * *
Unknown command.
You hit the ogre.
The ogre is heavily wounded.
The ogre barely misses you.
You barely miss the ogre.
The ogre is heavily wounded.
The ogre hits you with a +0 giant club!
You die...

# .? #.. .... . .....
..### ......#### .#...
#.O@.### ...
#####...######.#
#..............# .
#........©.......# #.+
#....#########...##...#
#...##8slWs.8##.†.....#
#...#.........#..###..#
#...#..#...#..#..#
###..[#.#.....#.#..# ∆


You could see an ogre, 2 scorpions, an iguana and 0gre's ghost.

Vanquished Creatures
  An ogre (D:4)
  A scorpion (D:4)
  An orc wizard (D:3)
  Ijyb (D:3)
  A worm (D:2)
  4 dart slugs
  7 orcs
  5 endoplasms
  7 giant cockroaches
  4 goblins
  8 hobgoblins
  4 jackals (D:1)
  A quokka (D:1)
  A ball python (D:1)
  4 bats
  6 frilled lizards
  4 kobolds
  2 rats
62 creatures vanquished.

Notes
Turn   | Place    | Note
-------+----------+-------------------------------------------
     0 | D:1      | Renzlar the Gnoll Fighter began the quest for the Orb.
     0 | D:1      | Reached XP level 1. HP: 23/23 MP: 1/1
    67 | D:1      | Reached XP level 2. HP: 29/29 MP: 2/2
   273 | D:1      | Reached XP level 3. HP: 35/35 MP: 3/3
   604 | D:2      | Reached skill level 1 in Invocations
   926 | D:2      | Found a shimmering altar of Xom.
   995 | D:2      | Reached skill level 1 in Short Blades
   995 | D:2      | Reached skill level 1 in Long Blades
   995 | D:2      | Reached skill level 1 in Maces & Flails
   995 | D:2      | Reached skill level 1 in Polearms
   995 | D:2      | Reached skill level 1 in Staves
   995 | D:2      | Reached skill level 1 in Ranged Weapons
   995 | D:2      | Reached skill level 1 in Throwing
   995 | D:2      | Reached skill level 1 in Dodging
   995 | D:2      | Reached skill level 1 in Stealth
   995 | D:2      | Reached skill level 1 in Unarmed Combat
   995 | D:2      | Reached skill level 1 in Spellcasting
   995 | D:2      | Reached skill level 1 in Evocations
  1444 | D:3      | Noticed Ijyb
  1455 | D:3      | Paralysed by Ijyb for 3 turns
  1463 | D:3      | Paralysed by Ijyb for 5 turns
  1471 | D:3      | Paralysed by Ijyb for 2 turns
  1474 | D:3      | Killed Ijyb
  1475 | D:3      | Reached XP level 4. HP: 25/41 MP: 1/5
  1539 | D:3      | Reached skill level 1 in Conjurations
  1539 | D:3      | Reached skill level 1 in Hexes
  1539 | D:3      | Reached skill level 1 in Summonings
  1539 | D:3      | Reached skill level 1 in Necromancy
  1539 | D:3      | Reached skill level 1 in Translocations
  1539 | D:3      | Reached skill level 1 in Transmutations
  1539 | D:3      | Reached skill level 1 in Fire Magic
  1539 | D:3      | Reached skill level 1 in Ice Magic
  1539 | D:3      | Reached skill level 1 in Air Magic
  1539 | D:3      | Reached skill level 1 in Earth Magic
  1539 | D:3      | Reached skill level 1 in Poison Magic
  1619 | D:3      | Identified the +1 leather armour "Niet" {rC+ rN+}
  1839 | D:3      | Reached XP level 5. HP: 33/47 MP: 5/7
  2390 | D:4      | Noticed an ogre
  2390 | D:4      | Found a transporter.
  2398 | D:4      | Killed an ogre
  2449 | D:4      | Noticed 0gre's ghost (novice GnIE)
  2487 | D:4      | Found a transporter.
  2507 | D:4      | Reached skill level 5 in Axes
  2507 | D:4      | Reached XP level 6. HP: 53/53 MP: 7/9
  2537 | D:4      | Identified a scroll of acquirement
  2537 | D:4      | Acquired the staff of fire "Puengarph" {rF+ rC+ rCorr
                  | Int+3}
  2559 | D:4      | Slain by an ogre

Illustrated notes

Levels and vault maps discovered:
D:1:      dpeg_arrival_rooms_a, layout_rooms, amcnicky_mini_corridor_feature,
          minivault_19
D:2:      layout_basic, basic_altar
D:3:      layout_basic, kennysheep_nondescript, uniq_ijyb
D:4:      layout_loops_ring, nicolae_ru_great_annihilating_truth,
          gammafunk_ghost_arena, minmay_statues_item

Skill      XL: |  1  2  3  4  5 |
---------------+----------------+-----
Invocations    | 1 2 |  2.1
Short Blades   | 1 2 |  2.0
Long Blades    | 1 2 |  2.0
Maces & Flails | 1 2 |  2.0
Polearms       | 1 2 |  2.0
Staves         | 1 2 |  2.0
Ranged Weapons | 1 2 |  2.0
Throwing       | 1 2 |  2.0
Dodging        | 1 2 |  2.0
Stealth        | 1 2 |  2.0
Unarmed Combat | 1 2 |  2.0
Spellcasting   | 1 2 |  2.0
Evocations     | 1 2 |  2.0
Conjurations   | 1 |  1.5
Hexes          | 1 |  1.5
Summonings     | 1 |  1.5
Necromancy     | 1 |  1.5
Translocations | 1 |  1.5
Transmutations | 1 |  1.5
Fire Magic     | 1 |  1.5
Ice Magic      | 1 |  1.5
Air Magic      | 1 |  1.5
Earth Magic    | 1 |  1.5
Poison Magic   | 1 |  1.5
Axes           | 5 |  5.0
Fighting       | |  6.8
Armour         | |  6.8
Shields        | |  6.8

Action                     |  1- 3 |  4- 6 || total
---------------------------+-------+-------++-------
  Melee: War axe           |    75 |    57 ||   132
         Bite              |     6 |     6 ||    12
         Staff             |       |     6 ||     6
   Fire: Sling             |    78 |    43 ||   121
    Use: Scroll            |     4 |     5 ||     9
 Armour: Scale mail        |    51 |    15 ||    66
  Dodge: Dodged            |    41 |    27 ||    68
  Block: Buckler           |    25 |    13 ||    38
